Unix NetHack Version 3.7.0-88 Work-in-progress - last build Aug 6 2023 13:40:22 (5c9c4c7fffe0d5f0a8b1342c2a36a56ed743986a,branch:master). Game began 2023-08-10 08:03:16, ended 2023-08-10 08:25:43. Arasaka, neutral female gnomish Archeologist |.- - |.| --- . ..--.-- --.--.| .......| --.....| .......| |..@..... ...!...| |-...-- . ---<...| |..--- ----.---..-- |..|....-- --.|.....| |.|.%..-| |).:....| |.@....-- |.....-- ----...| |..-- ---- Arasaka the Investigator St:13 Dx:8 Co:10 In:17 Wi:14 Ch:14 Neutral Dlvl:9 $:1132 HP:0(37) Pw:20(23) AC:0 Xp:6/353 T:3375 Latest messages: You are carrying too much to get through. Z - a scroll labeled FNORD. There is nothing here to pick up. You feel sluggish. You feel your magical energy drain away! You hit the shrieker! You kill the shrieker! You swap places with the peaceful gnome king. You feel a wrenching sensation. You descend the stairs. You hit the pony! The pony kicks! The pony bites! You hit the pony! You kill the pony! You have a little trouble lifting a ruby potion. Continue? [ynq] (q) You see here a ruby potion. You see here an axe. You hit the giant spider! The giant spider just misses! The crocodile bites! The crocodile hits! You miss the giant bat. You kill the giant spider! Welcome to experience level 6. The giant bat misses! You find a web. The giant bat is caught in a spider web. The crocodile is caught in a bear trap! The giant bat misses! The giant bat misses! The giant bat bites! You hit the giant bat! The giant bat misses! You hit the giant bat! The giant bat bites! You miss the giant bat. The giant bat bites! You kill the giant bat! You see here a worthless piece of orange glass. c - a worthless piece of orange glass. The Woodland-elf tries to wield a runed short sword. The Woodland-elf's runed bow is welded to her hand! You miss the Woodland-elf. The Woodland-elf swings her runed bow. The Woodland-elf hits! You hit the Woodland-elf! The crocodile bites! The crocodile hits! You die... Inventory: Coins ('$') $ - 1132 gold pieces Weapons (')') a - the uncursed rustproof +0 Cleaver (weapon in hands) Armor ('[') w - an uncursed +0 pair of speed boots (being worn) U - a blessed greased +0 gray dragon scale mail (being worn) Comestibles ('%') d - 2 uncursed food rations S - 2 uncursed food rations Scrolls ('?') I - an uncursed scroll of enchant armor K - an uncursed scroll of food detection Z - an uncursed scroll of identify P - a blessed scroll of teleportation Wands ('/') T - an uncursed wand of fire (0:3) D - a cursed wand of make invisible (0:6) Tools ('(') z - an uncursed sack containing 2 items X - an uncursed bag of tricks (0:6) b - an uncursed leather drum R - an uncursed magic whistle l - a blessed oil lamp (lit) (alternate weapon; not wielded) W - an uncursed skeleton key f - an uncursed tinning kit (0:95) V - an uncursed towel Gems/Stones ('*') m - an uncursed aquamarine stone Y - an uncursed garnet stone C - an uncursed worthless piece of green glass c - an uncursed worthless piece of orange glass E - 2 uncursed worthless pieces of violet glass g - an uncursed touchstone Contents of the sack: a cursed scroll of confuse monster an uncursed +0 pick-axe Arasaka the Archeologist's attributes: Background: You were an Investigator, a level 6 female gnomish Archeologist. You were neutral, on a mission for Camaxtli who was opposed by Quetzalcoatl (lawful) and Huhetotl (chaotic). You were in the Gnomish Mines, on level 9. You entered the dungeon 3375 turns ago. You had 353 experience points, 287 more were needed to attain level 7. Basics: You had 0 out of 37 hit points. You had 20 out of 23 energy points (spell power). Your armor class was 0. Your wallet contained 1132 zorkmids. Autopickup was on for '$"?' plus thrown, with exceptions. Final Characteristics: Your strength was 13 (limit:18/50). Your dexterity was 8 (limit:18). Your constitution was 10 (limit:18). Your intelligence was 17 (limit:19). Your wisdom was 14 (limit:18). Your charisma was 14 (limit:18). Final Status: You were not hungry. You were unencumbered. You were wielding an axe. You had basic skill with axe. Final Attributes: You were piously aligned. You were magic-protected. You had automatic searching. You had infravision. You were stealthy. You were very fast. You are dead. Miscellaneous: You disabled loading of bones levels. Total elapsed playing time was 22 minutes and 27 seconds. Major events: Turn 1: Arasaka the neutral female gnomish Archeologist entered the dungeon 454: entered the Gnomish Mines 1599: attained the rank of Field Worker (level 3) 2289: was bestowed with Cleaver by Camaxtli 2935: reached Mine Town 3021: made her first wish - "blessed greased +2 gray dragon scale mail", got "a greased gray dragon scale mail" 3356: attained the rank of Investigator (level 6) 3375: killed by a crocodile Vanquished creatures: a giant spider a dingo a pony a yellow light 4 shriekers a giant ant a little dog 4 dwarves a homunculus a rothe a rabid rat a giant bat a monkey a werejackal 2 iguanas an acid blob a coyote 2 gas spores 2 hobbits a hobgoblin 2 giant rats a cave spider 6 geckos 5 jackals a fox 5 kobolds a goblin 3 sewer rats 8 grid bugs 4 lichens a newt 66 creatures vanquished. No species were genocided or became extinct. Voluntary challenges: You read items or engraved 2 times. You never engraved Elbereth. You never genocided any monsters. You never polymorphed an object. You never changed form. You used 1 wish. You did not wish for any artifacts. Achievements: You entered the Gnomish Mines. You entered a shop. You attained the rank of Field Worker. You entered Minetown. You entered a temple. You attained the rank of Investigator. The Dungeons of Doom: levels 1 to 5 Level 1: Many fountains. Level 2: Many altars, a fountain. Stairs down to The Gnomish Mines. Level 3: "s" A potion shop. Level 4: An altar, a fountain. Level 5: The Gnomish Mines: levels 3 to 9 Level 3: Level 4: Level 5: Level 6: Some shops, a temple, some fountains. Level 7: Level 8: Level 9: <- You were here. Final resting place for you, killed by a crocodile. Game over: ---------- / \ / REST \ / IN \ / PEACE \ / \ | Arasaka | | 1132 Au | | killed by a | | crocodile | | | | | | 2023 | *| * * * | * _________)/\\_//(\/(/\)/\//\/|_)_______ Goodbye Arasaka the Archeologist... You died in The Gnomish Mines on dungeon level 9 with 2841 points, and 1132 pieces of gold, after 3375 moves. You were level 6 with a maximum of 37 hit points when you died.